[Event "Titled Tuesday Blitz January 31 Late 2023"]
[White "Korchmar, Vasiliy"]
[Black "Dzierzak, Radoslaw"]
[WhiteFideId "24131750"]
[BlackFideId "1161407"]
[WhiteElo "2438"]
[BlackElo "2220"]
[Result "0-1"]
[Round "05"]
[TimeControl "180+2"]
[Date "2023.01.31"]
[WhiteClock "0:00:02"]
[BlackClock "0:00:38"]

1. e4 c6 2. d4 d5 3. e5 c5 4. dxc5 Nc6 5. Bb5 e6 6. b4 Bd7 7. Bxc6 Bxc6 8. Nf3 a5 9. c3 axb4 10. cxb4 b6 11. cxb6 Bxb4+ 12. Bd2 Qxb6 13. O-O Bc5 14. a4 Ne7 15. a5 Qa7 16. Nc3 O-O 17. Na4 Bxa4 18. Qxa4 Rfb8 19. h4 h5 20. Ng5 Nf5 21. Rac1 Rb2 22. Rc2 Rab8 23. Rxb2 Rxb2 24. Qe8+ Bf8 25. Be3 Nxe3 26. fxe3 Qxe3+ 27. Kh1 Rf2 28. Rxf2 Qxf2 29. a6 Qxh4+ 30. Nh3 Qe1+ 31. Ng1 Qa1 32. Qa8 g5 33. a7 Kg7 34. Qb7 Bc5 0-1


[Site "https://www.chess.com"]

[Event "Titled Tuesday Blitz January 31 Late 2023"]
[White "Kourkoulos-Arditis, Stamatis"]
[Black "QuiesPrecatio"]
[WhiteFideId "4221990"]
[WhiteElo "2539"]
[BlackElo "2426"]
[Result "1-0"]
[Round "05"]
[TimeControl "180+2"]
[Date "2023.01.31"]
[WhiteClock "0:00:35"]
[BlackClock "0:00:09"]

1. e4 c6 2. d4 d5 3. exd5 cxd5 4. c4 Nf6 5. Nf3 Nc6 6. Nc3 g6 7. cxd5 Nxd5 8. Bc4 Nxc3 9. bxc3 Bg7 10. O-O O-O 11. Re1 Na5 12. Bf1 a6 13. Bg5 Re8 14. a4 Be6 15. Qd2 Nb3 16. Qf4 Nxa1 17. Rxa1 Qd5 18. Qh4 Rac8 19. c4 Qf5 20. Rc1 Qg4 21. Bxe7 Qxh4 22. Bxh4 Bg4 23. d5 Bxf3 24. gxf3 Bf8 25. Rb1 Rc7 26. Bg3 Rd7 27. a5 Bg7 28. Bd3 Bc3 29. Bc2 Re1+ 30. Rxe1 Bxe1 31. Ba4 Re7 32. d6 Re6 33. Bd7 Bxa5 34. Bxe6 fxe6 35. Bh4 h6 36. f4 g5 37. fxg5 Bd8 38. f4 Kf7 39. g6+ 1-0


[Site "https://www.chess.com"]

[Event "Titled Tuesday Blitz January 31 Late 2023"]
[White "Denishev, Marat"]
[Black "Battlecruiser_Operational"]
[WhiteFideId "24131563"]
[WhiteElo "2255"]
[BlackElo "2419"]
[Result "1-0"]
[Round "05"]
[TimeControl "180+2"]
[Date "2023.01.31"]
[WhiteClock "0:00:41"]
[BlackClock "0:00:13"]

1. d4 e6 2. c4 f5 3. g3 Nf6 4. Bg2 Be7 5. Nf3 O-O 6. O-O d6 7. Nc3 a5 8. Qc2 Na6 9. a3 Qe8 10. Rb1 c6 11. b4 axb4 12. axb4 Nc7 13. Re1 Bd7 14. e4 fxe4 15. Nxe4 Qh5 16. Neg5 h6 17. Ne4 Nxe4 18. Qxe4 Rf6 19. Nd2 b5 20. cxb5 Nxb5 21. Bb2 Ra2 22. f4 d5 23. Qe2 Qxe2 24. Rxe2 Bxb4 25. Kf2 Ba5 26. Nb3 Bb6 27. Nc5 Bc8 28. Bh3 Kf7 29. Rbe1 g5 30. Kf3 gxf4 31. gxf4 Bxc5 32. dxc5 Rg6 33. f5 exf5 34. Re7+ Kf8 35. Re8+ Kf7 36. R1e7# 1-0


[Site "https://www.chess.com"]

[Event "Titled Tuesday Blitz January 31 Late 2023"]
[White "Backsten, Jan"]
[Black "Liu, Eric"]
[WhiteFideId "1735381"]
[BlackFideId "30960240"]
[WhiteElo "2029"]
[BlackElo "2299"]
[Result "0-1"]
[Round "05"]
[TimeControl "180+2"]
[Date "2023.01.31"]
[WhiteClock "0:00:01"]
[BlackClock "0:00:10"]

1. e4 d6 2. d4 g6 3. Nc3 Bg7 4. Be3 Nf6 5. Qd2 a6 6. O-O-O b5 7. f3 c6 8. h4 h5 9. Kb1 Nbd7 10. Nh3 Nb6 11. Bd3 Nc4 12. Bxc4 bxc4 13. Ng5 Rb8 14. Qe2 Qb6 15. Bc1 Qb4 16. Ka1 d5 17. e5 Nh7 18. Nxh7 Rxh7 19. a3 Qb6 20. Na4 Qa5 21. Nc5 c3 22. b3 Bh6 23. Ka2 Bf8 24. e6 Qb6 25. Bf4 Ra8 26. exf7+ Rxf7 27. Bg5 a5 28. Rhe1 Ra7 29. a4 Qb8 30. Qd3 Bf5 31. Qxc3 Bg7 32. Ne6 Qb6 33. Nxg7+ Rxg7 34. Re5 e6 35. Rde1 Rab7 36. Bf6 Rgf7 37. Bg5 Rfc7 38. Bd2 c5 39. Qxa5 Qxa5 40. Bxa5 Rc6 41. dxc5 Bxc2 42. b4 Kd7 43. Bb6 Bxa4 44. R1e2 Bb5 45. Rd2 Bc4+ 46. Kb2 Rb8 47. Kc3 Ra8 48. Rb2 Ra3+ 49. Kd2 Rd3+ 50. Ke1 Rc8 51. Rd2 Rb3 52. Ba5 Rf8 53. Rg5 Rf6 54. Kf2 Kc6 55. Bd8 Rf8 56. Ba5 Rg8 57. Rc2 Bd3 58. Rd2 Bc4 59. g4 hxg4 60. Rxg4 Rf8 61. Rxg6 Rbxf3+ 62. Kg2 Bf1+ 63. Kg1 Bh3 64. Kh2 Bf5 0-1


[Site "https://www.chess.com"]

[Event "Titled Tuesday Blitz January 31 Late 2023"]
[White "Aldokhin, Ivan"]
[Black "Nikologorsky, Matfei"]
[WhiteFideId "24115720"]
[BlackFideId "24102474"]
[WhiteElo "2413"]
[BlackElo "2182"]
[Result "1-0"]
[Round "05"]
[TimeControl "180+2"]
[Date "2023.01.31"]
[WhiteClock "0:00:04"]
[BlackClock "0:00:05"]

1. e4 c5 2. Nf3 e6 3. d4 cxd4 4. Nxd4 a6 5. Nc3 Qc7 6. Bd3 Nc6 7. Nxc6 dxc6 8. Qe2 e5 9. a4 Nf6 10. O-O Bc5 11. a5 O-O 12. Na4 Qxa5 13. Bd2 Bb4 14. c3 Be7 15. Be3 Qc7 16. Bb6 Qb8 17. Rad1 Be6 18. Nc5 Bxc5 19. Bxc5 Re8 20. Bc4 Qc8 21. Rd6 Bxc4 22. Qxc4 Rd8 23. Rfd1 Rxd6 24. Rxd6 Qg4 25. f3 Qg5 26. Qb3 b5 27. c4 h5 28. Be3 bxc4 29. Qc3 Qh4 30. Bf2 Qg5 31. Be3 Qh4 32. h3 Qg3 33. Bf2 Qg5 34. Be3 Qg3 35. Qd2 Kh7 36. Rxc6 Rb8 37. Rxc4 h4 38. Rc2 Nh5 39. Qf2 Qxf2+ 40. Kxf2 Rb3 41. Bc1 f6 42. Rc6 a5 43. Rc3 Rb5 44. Ra3 g5 45. Ra2 Nf4 46. Bxf4 gxf4 47. Ke2 Kg6 48. Kd3 Rb3+ 49. Kc4 Re3 50. Rxa5 Re2 51. b4 Rxg2 52. b5 Rc2+ 53. Kd5 Rd2+ 54. Kc6 Rh2 55. b6 Rxh3 56. b7 Rxf3 57. b8=Q Rc3+ 58. Kd5 Rd3+ 59. Ke6 h3 60. Qg8+ Kh5 61. Qh7+ Kg4 62. Qf5+ Kg3 63. Ra8 Kh2 64. Rg8 Rg3 65. Rh8 Kg2 66. Qxf6 f3 67. Qxe5 f2 68. Rf8 h2 69. Qf4 Rg6+ 70. Ke7 Kh3 71. Qf3+ Kh4 72. Rh8+ Kg5 73. Rh5# 1-0


[Site "https://www.chess.com"]

[Event "Titled Tuesday Blitz January 31 Late 2023"]
[White "Gonzalez, Francisco Silva"]
[Black "Iskusnyh, Sergei"]
[WhiteFideId "1512285"]
[BlackFideId "4120027"]
[WhiteElo "2021"]
[BlackElo "2440"]
[Result "0-1"]
[Round "05"]
[TimeControl "180+2"]
[Date "2023.01.31"]
[WhiteClock "0:01:46"]
[BlackClock "0:01:06"]

1. d4 d5 2. c4 c6 3. Nc3 Nf6 4. e3 e6 5. Nf3 a6 6. a3 Nbd7 7. Qc2 dxc4 8. Bxc4 b5 9. Ba2 c5 10. dxc5 Bxc5 11. b4 Bd6 12. Bb2 Bb7 13. Rd1 Qc7 14. Qd3 Be7 15. Nd4 Ne5 16. Qb1 Nc4 17. Rc1 Nxb2 18. Qxb2 Rc8 19. O-O Qe5 20. Nce2 O-O 21. Nf4 Ne4 22. Nf3 Qxb2 0-1


[Site "https://www.chess.com"]

[Event "Titled Tuesday Blitz January 31 Late 2023"]
[White "Ortega Amarelle, Mariano"]
[Black "Martynov, Pavel"]
[WhiteFideId "3504301"]
[BlackFideId "4101260"]
[WhiteElo "2472"]
[BlackElo "2414"]
[Result "1-0"]
[Round "05"]
[TimeControl "180+2"]
[Date "2023.01.31"]
[WhiteClock "0:00:12"]
[BlackClock "0:00:11"]

1. e4 c5 2. Nf3 e6 3. d4 cxd4 4. Nxd4 Nc6 5. Nc3 Qc7 6. Be3 a6 7. Qf3 b5 8. Qg3 Qxg3 9. hxg3 Bb7 10. a3 Nf6 11. f3 Ne5 12. O-O-O Rc8 13. g4 Bxa3 14. Ncxb5 Bc5 15. Nc3 d6 16. g5 Nfd7 17. Be2 Nb6 18. Bf2 Ke7 19. f4 Nec4 20. Bd3 g6 21. Rdf1 Bb4 22. Nde2 Nd7 23. b3 Na3 24. Kb2 Nc5 25. Ra1 Nxd3+ 26. cxd3 Nb5 27. Nxb5 axb5 28. Ra7 Rc7 29. Rc1 Rd7 30. Bd4 Ra8 31. Bf6+ Ke8 32. Rxa8+ Bxa8 33. Rc8+ Rd8 34. Rxd8# 1-0


[Site "https://www.chess.com"]

[Event "Titled Tuesday Blitz January 31 Late 2023"]
[White "Pesotskiy, Mikhail"]
[Black "Martinez Reyes, Pedro Ramon"]
[WhiteFideId "34164453"]
[BlackFideId "3901807"]
[WhiteElo "2153"]
[BlackElo "2376"]
[Result "0-1"]
[Round "05"]
[TimeControl "180+2"]
[Date "2023.01.31"]
[WhiteClock "0:00:14"]
[BlackClock "0:00:38"]

1. d4 e6 2. c4 d5 3. Nc3 f5 4. Bf4 c6 5. Nf3 Nf6 6. e3 Be7 7. Be2 O-O 8. O-O Ne4 9. Qb3 Nd7 10. Rad1 Kh8 11. Ne5 Nxe5 12. Bxe5 b6 13. f3 Nf6 14. Bd3 Nd7 15. Bg3 Bb7 16. e4 Bf6 17. Bb1 c5 18. e5 Bg5 19. f4 cxd4 20. fxg5 Nc5 21. Qc2 dxc3 22. cxd5 Bxd5 23. bxc3 Qxg5 24. Bf4 Qg6 25. c4 Be4 26. Qf2 Rad8 27. Rd6 Bxb1 28. Rxb1 Ne4 29. Qd4 Nxd6 30. exd6 Qg4 31. Re1 Rfe8 32. a4 e5 33. Rxe5 Rxe5 34. Qxe5 Qd1+ 35. Kf2 Qc2+ 36. Kg3 Qxc4 37. h3 Qf7 38. a5 h6 39. axb6 axb6 40. Qb5 Qg6+ 41. Kh2 Rxd6 42. Bxd6 Qxd6+ 43. Kh1 Qe6 44. Kg1 Kh7 45. Kh1 Kg6 46. Kh2 Qd6+ 47. Kh1 Kf6 48. Kg1 Qc5+ 0-1


[Site "https://www.chess.com"]

[Event "Titled Tuesday Blitz January 31 Late 2023"]
[White "Pasti, Aron"]
[Black "OKEKE, Isaac Chukwudalu"]
[WhiteFideId "785857"]
[BlackFideId "8508526"]
[WhiteElo "2361"]
[BlackElo "2155"]
[Result "1/2-1/2"]
[Round "05"]
[TimeControl "180+2"]
[Date "2023.01.31"]
[WhiteClock "0:00:02"]
[BlackClock "0:00:09"]

1. e4 c5 2. Nf3 d6 3. d4 cxd4 4. Nxd4 Nf6 5. Nc3 a6 6. h3 e5 7. Nde2 h5 8. g3 Be7 9. Bg2 Be6 10. O-O Qd7 11. Kh2 Nc6 12. Nd5 Bd8 13. f4 exf4 14. Nexf4 Ne5 15. b3 h4 16. Bb2 hxg3+ 17. Kxg3 Bxd5 18. Nxd5 Nxe4+ 19. Kh2 Ng5 20. Bxe5 dxe5 21. Qd3 Rh4 22. Rae1 Kf8 23. Rxe5 Ne6 24. Ref5 f6 25. Kh1 Qd6 26. R1f3 Rd4 27. Nxf6 Rxd3 28. Ne4+ Kg8 29. Nxd6 Rd1+ 30. Rf1 Rxd6 31. Re1 Bf6 32. Bd5 Kf7 33. c4 Re8 34. Rf3 Ke7 35. Rfe3 Kd7 36. Re4 Nc7 37. Rxe8 Nxe8 38. Bxb7 Rd2 39. Bd5 Nd6 40. c5 Nf5 41. Be6+ Kc6 42. Bxf5 Kxc5 43. a4 Kb4 44. Be6 a5 45. Re4+ Ka3 46. Bc4 Rd4 47. Re3 Rd1+ 48. Kg2 Kb4 49. Re6 Rd4 50. Kf3 Bd8 51. Re8 Bf6 52. Rb8+ Ka3 53. Rb5 Bd8 54. Rb7 Bf6 55. Ke3 Rd8 56. Kf3 Bc3 57. Kg4 Rf8 58. Kg5 Rf2 59. h4 Rg2+ 60. Kh5 Bf6 61. Rb5 Bc3 62. Bd3 Rd2 63. Bg6 Rd4 64. Bf7 Be1 65. Kg6 Rxh4 66. Kxg7 Bb4 67. Kg8 Rg4+ 68. Kh7 Rd4 69. Bc4 Rd2 70. Rb7 Rb2 71. Kg6 1/2-1/2


[Site "https://www.chess.com"]

[Event "Titled Tuesday Blitz January 31 Late 2023"]
[White "Freile Martin, Javier"]
[Black "Shapiro, Viktor"]
[WhiteFideId "3600165"]
[BlackFideId "4175700"]
[WhiteElo "2329"]
[BlackElo "2192"]
[Result "0-1"]
[Round "05"]
[TimeControl "180+2"]
[Date "2023.01.31"]
[WhiteClock "0:00:49"]
[BlackClock "0:00:54"]

1. c4 Nf6 2. Nc3 c5 3. Nf3 Nc6 4. e3 d6 5. d4 g6 6. d5 Na5 7. h3 Bg7 8. e4 O-O 9. Bd3 a6 10. O-O b5 11. cxb5 axb5 12. Bxb5 Ba6 13. Bxa6 Rxa6 14. Re1 Nd7 15. Bf4 Qb8 16. Rb1 Rb6 17. Qc1 Nc4 18. b3 Nce5 19. Nxe5 Nxe5 20. Bxe5 Bxe5 21. Na4 Rb4 22. Nb2 Rd4 23. Nc4 Bg7 24. a4 Qb4 25. Qc2 Ra8 26. Red1 Rb8 27. Rxd4 Bxd4 28. Kf1 Qb7 29. a5 Qa6 30. Qd3 e6 31. dxe6 fxe6 32. Ke2 Rb4 33. Kd2 d5 34. exd5 exd5 35. Ne3 Qxa5 36. Nxd5 Rxb3+ 37. Ke2 Rxd3 38. Kxd3 Qa6+ 0-1


[Site "https://www.chess.com"]

[Event "Titled Tuesday Blitz January 31 Late 2023"]
[White "Moral Garcia, Serafin"]
[Black "EdmundPlayer"]
[WhiteFideId "2201925"]
[WhiteElo "2238"]
[BlackElo "2313"]
[Result "1-0"]
[Round "05"]
[TimeControl "180+2"]
[Date "2023.01.31"]
[WhiteClock "0:00:49"]
[BlackClock "0:00:03"]

1. Nf3 d5 2. b3 c5 3. e3 Nc6 4. Bb2 a6 5. d4 cxd4 6. Nxd4 Nxd4 7. Bxd4 Bf5 8. c4 dxc4 9. Bxc4 e6 10. Qf3 Qc7 11. O-O Nf6 12. Nc3 Bg4 13. Qg3 Qxg3 14. hxg3 Bd6 15. f3 Bh5 16. g4 Bg6 17. Rfd1 Ke7 18. Rac1 b5 19. Bd3 Bxd3 20. Rxd3 Rhc8 21. Rcd1 Bb4 22. g5 Ne8 23. Ne4 Rd8 24. Bb6 Rxd3 25. Rxd3 Nd6 26. Nxd6 Bxd6 27. Kf2 Rc8 28. Rd2 Bb4 29. Re2 Bc5 30. Bxc5+ Rxc5 31. f4 f6 32. gxf6+ gxf6 33. Kf3 f5 34. g3 1-0


[Site "https://www.chess.com"]

[Event "Titled Tuesday Blitz January 31 Late 2023"]
[White "Reprintsev, Alexander"]
[Black "Garrido, Denis"]
[WhiteFideId "14100541"]
[BlackFideId "601217"]
[WhiteElo "2253"]
[BlackElo "2205"]
[Result "0-1"]
[Round "05"]
[TimeControl "180+2"]
[Date "2023.01.31"]
[WhiteClock "0:00:16"]
[BlackClock "0:00:21"]

1. e4 e5 2. f4 exf4 3. Bc4 Qh4+ 4. Kf1 d5 5. Bxd5 Nf6 6. Nf3 Qh5 7. Nc3 Bb4 8. d3 O-O 9. Bxf4 Bxc3 10. bxc3 Nxd5 11. exd5 Qxd5 12. Bxc7 Nc6 13. Bg3 Bg4 14. h3 Bh5 15. Bf2 Ne5 16. c4 Qe6 17. g4 Nxf3 18. Qxf3 Bg6 19. h4 f5 20. g5 Rad8 21. h5 Be8 22. Re1 Qd6 23. Rh4 Bc6 24. Qf4 Qb4 25. h6 Rde8 26. hxg7 Kxg7 27. Bd4+ Kg8 28. Qf2 Qd6 29. Bf6 Rxe1+ 30. Qxe1 Re8 31. Qf2 Qb4 32. Rxh7 Qb1+ 0-1


[Site "https://www.chess.com"]

[Event "Titled Tuesday Blitz January 31 Late 2023"]
[White "O`Gorman, Tom"]
[Black "Lopez Del Alamo, Antonio"]
[WhiteFideId "2508249"]
[BlackFideId "2227339"]
[WhiteElo "2355"]
[BlackElo "2280"]
[Result "1-0"]
[Round "05"]
[TimeControl "180+2"]
[Date "2023.01.31"]
[WhiteClock "0:01:01"]
[BlackClock "0:01:08"]

1. e4 c5 2. Nf3 e6 3. d4 cxd4 4. Nxd4 Nf6 5. Bd3 Nc6 6. Nxc6 dxc6 7. O-O e5 8. Nd2 Bc5 9. Nc4 Qe7 10. a4 a5 11. b3 O-O 12. Bb2 Nd7 13. Qh5 f6 14. Rad1 Re8 15. Rfe1 Nf8 16. Ne3 g6 17. Qh4 Ne6 18. Ng4 Ng5 19. Bc1 Bxg4 20. Qxg4 Ne6 21. h4 Nd4 22. h5 Kg7 23. Qh3 g5 24. h6+ Kh8 25. Qh5 Rg8 26. c3 Ne6 27. Bc4 Rg6 28. Rd3 g4 29. g3 Rd8 30. Red1 Rxd3 31. Rxd3 Ng5 32. Qxg4 Rxh6 33. Qc8+ Qf8 34. Rd8 Kg7 35. Rxf8 Bxf8 36. Qxb7+ Kg6 37. Bxg5 1-0


[Site "https://www.chess.com"]

[Event "Titled Tuesday Blitz January 31 Late 2023"]
[White "Dylag, Emilia"]
[Black "Al-Tarboush, Ward"]
[WhiteFideId "21805172"]
[BlackFideId "7601450"]
[WhiteElo "2095"]
[BlackElo "2256"]
[Result "0-1"]
[Round "05"]
[TimeControl "180+2"]
[Date "2023.01.31"]
[WhiteClock "0:00:21"]
[BlackClock "0:01:30"]

1. d4 Nf6 2. c4 g6 3. g3 Bg7 4. Bg2 d5 5. cxd5 Nxd5 6. e4 Nb6 7. Ne2 O-O 8. O-O Nc6 9. d5 Ne5 10. Nbc3 c6 11. h3 cxd5 12. exd5 Bf5 13. Nd4 Bd3 14. Re1 Bc4 15. b3 Bxd5 16. Nxd5 Nxd5 17. Bb2 e6 18. Nxe6 fxe6 19. Bxe5 Bxe5 20. Rxe5 Qf6 21. f4 Rad8 22. Bxd5 exd5 23. Rxd5 Qb6+ 24. Kf1 Rc8 25. Re5 Rc3 26. Qd5+ Kh8 27. Re7 Qf6 28. Qxb7 Rxg3 29. Qc7 Qxa1+ 30. Kf2 Qg1+ 31. Ke2 Qh2+ 0-1


[Site "https://www.chess.com"]

[Event "Titled Tuesday Blitz January 31 Late 2023"]
[White "Slade, Theodore"]
[Black "Rosenberg, Evan S"]
[WhiteFideId "426547"]
[BlackFideId "2019299"]
[WhiteElo "1995"]
[BlackElo "1956"]
[Result "0-1"]
[Round "05"]
[TimeControl "180+2"]
[Date "2023.01.31"]
[WhiteClock "0:00:37"]
[BlackClock "0:00:04"]

1. d4 d5 2. c4 e6 3. Nf3 c5 4. cxd5 exd5 5. Nc3 Nf6 6. Bg5 Be6 7. e3 c4 8. Be2 Bb4 9. O-O Nbd7 10. Ne5 O-O 11. Nxd7 Qxd7 12. Bxf6 gxf6 13. f3 Kh8 14. e4 Rg8 15. Rc1 b5 16. Qd2 Rad8 17. Qf4 dxe4 18. Qxf6+ Rg7 19. Rcd1 Be7 20. Qe5 exf3 21. Rxf3 Bd6 22. Qxb5 Qxb5 23. Nxb5 Bd5 24. Rf2 Bb8 25. Nc3 Be6 26. d5 Bg4 27. Bxg4 Rxg4 28. Rxf7 Rdg8 29. Rd2 Bf4 30. Re2 Bd6 31. Kf1 Bc5 32. Ne4 Bd4 33. Nf6 Rf4+ 34. Ke1 Rxf6 35. Rxa7 Bxa7 36. Re7 Bc5 37. Rc7 Bd6 38. Rxc4 Rxg2 39. h3 Rff2 40. Rc6 Rxb2 41. Kf1 Rgf2+ 42. Kg1 Bh2+ 43. Kh1 Rf1# 0-1


[Site "https://www.chess.com"]

[Event "Titled Tuesday Blitz January 31 Late 2023"]
[White "Abdyzhaparov, Aidar"]
[Black "Poltorak, Sebastian"]
[WhiteFideId "13800361"]
[BlackFideId "1199498"]
[WhiteElo "1978"]
[BlackElo "2354"]
[Result "0-1"]
[Round "05"]
[TimeControl "180+2"]
[Date "2023.01.31"]
[WhiteClock "0:00:08"]
[BlackClock "0:00:21"]

1. Nf3 c5 2. c4 Nc6 3. d4 cxd4 4. Nxd4 Nf6 5. Nc3 g6 6. e4 Bg7 7. Be3 d6 8. Be2 O-O 9. O-O Nxd4 10. Bxd4 Be6 11. Rc1 a6 12. b3 Rc8 13. f3 Nd7 14. Kh1 Bxd4 15. Qxd4 Qb6 16. Qd2 Qb4 17. Rfd1 Rfd8 18. f4 Qa5 19. Bd3 f6 20. Bb1 Bf7 21. Qf2 b5 22. Nd5 Bxd5 23. cxd5 Qb6 24. Qxb6 Nxb6 25. Rc6 Rxc6 26. dxc6 Rc8 27. Rc1 Kf7 28. Bd3 e6 29. a4 bxa4 30. Bxa6 Rc7 31. b4 Ke7 32. Bb5 d5 33. e5 a3 34. Ra1 Ra7 35. g4 g5 36. fxg5 fxe5 37. c7 Kd6 38. c8=Q Nxc8 39. h4 Nb6 40. h5 d4 41. g6 hxg6 42. h6 g5 43. Bf1 Rh7 44. Rxa3 Rxh6+ 45. Kg2 Nd5 46. Ra6+ Ke7 47. Kg3 Nxb4 48. Ra7+ Kf6 49. Bc4 Rh8 50. Rb7 Nc2 51. Rb6 Re8 52. Bd3 Ne3 53. Kf3 Nd5 54. Rd6 Nc3 55. Bc4 e4+ 56. Kg3 Ke5 57. Ra6 e3 58. Kf3 Rf8+ 59. Kg3 Nd5 60. Bxd5 exd5 61. Ra7 d3 62. Re7+ Kd4 63. Rf7 Rxf7 64. Kg2 d2 65. Kg3 d1=Q 0-1


[Site "https://www.chess.com"]

[Event "Titled Tuesday Blitz January 31 Late 2023"]
[White "Veiga, Jose Francisco R P Neves"]
[Black "Szente Varga, Fruzsina"]
[WhiteFideId "1930087"]
[BlackFideId "712264"]
[WhiteElo "2406"]
[BlackElo "2075"]
[Result "0-1"]
[Round "05"]
[TimeControl "180+2"]
[Date "2023.01.31"]
[WhiteClock "0:00:07"]
[BlackClock "0:00:18"]

1. b3 Nf6 2. Bb2 g6 3. Nf3 Bg7 4. g3 d5 5. Bg2 O-O 6. O-O c5 7. d4 Ne4 8. c3 Nc6 9. Nbd2 cxd4 10. cxd4 Bf5 11. Ne5 Nxe5 12. dxe5 Nxd2 13. Qxd2 e6 14. Rac1 Qb6 15. Bd4 Qa6 16. Rc7 Rac8 17. Rfc1 Rxc7 18. Rxc7 Bb1 19. a4 b6 20. f4 Rc8 21. Rxc8+ Qxc8 22. Kf2 Bf8 23. a5 Qc6 24. axb6 axb6 25. Qc3 Qxc3 26. Bxc3 Bc5+ 27. e3 Kf8 28. Bd4 Ke8 29. Bf1 Ba2 30. Bb5+ Kd8 31. Ba4 Kc7 32. Be8 Bxb3 33. Bxf7 Kd7 34. Bg8 h5 35. Bh7 Bc2 36. h3 Ke7 37. g4 hxg4 38. hxg4 Kf7 39. f5 gxf5 40. gxf5 exf5 41. e6+ Kxe6 42. Bg8+ Kd6 43. Bg7 b5 44. Ke2 b4 45. Kd2 b3 46. Bf7 Kc6 47. Be6 Be4 48. Kc3 Bxe3 49. Kxb3 Kc5 50. Kc3 d4+ 51. Kb2 d3 52. Bb3 Bd4+ 53. Bxd4+ Kxd4 54. Kc1 Kc3 55. Bd1 d2# 0-1


[Site "https://www.chess.com"]

[Event "Titled Tuesday Blitz January 31 Late 2023"]
[White "Bulgurlu, Okan"]
[Black "ArchibaldCerveza29"]
[WhiteFideId "6352316"]
[WhiteElo "1908"]
[BlackElo "2532"]
[Result "1-0"]
[Round "05"]
[TimeControl "180+2"]
[Date "2023.01.31"]
[WhiteClock "0:00:09"]
[BlackClock "0:00:05"]

1. d4 d5 2. Nf3 Nf6 3. c4 e6 4. Nc3 c6 5. Bg5 Nbd7 6. e3 Qa5 7. Nd2 Bb4 8. Qc2 O-O 9. Rc1 c5 10. dxc5 Nxc5 11. Bxf6 gxf6 12. cxd5 exd5 13. a3 Bxc3 14. Qxc3 Qxc3 15. Rxc3 b6 16. b4 Ne6 17. Be2 Bb7 18. Nb3 Rac8 19. Kd2 Rxc3 20. Kxc3 Rc8+ 21. Kd2 f5 22. g3 Ng5 23. Rc1 Ne4+ 24. Ke1 Rxc1+ 25. Nxc1 Nc3 26. Bd3 Ne4 27. f3 Nd6 28. Ne2 Kg7 29. Nd4 Kf6 30. Kd2 Bc8 31. Nc6 a6 32. Kc3 Bd7 33. Nb8 Nb5+ 34. Kb3 Bc8 35. a4 Nc7 36. Nc6 Bd7 37. Nd4 Ke5 38. Kc3 Bxa4 39. Nxf5 a5 40. Nd4 h6 41. b5 Ne6 42. Nc6+ Kd6 43. Nd4 Nc5 44. Bh7 Ne6 45. Bg8 Nxd4 46. Kxd4 Ke7 47. Kxd5 Bxb5 48. Bh7 Bd7 49. Bd3 b5 50. Kc5 b4 51. Bc2 a4 52. Kxb4 Kd6 53. Bxa4 Bh3 54. Bb3 Bg2 55. f4 f6 56. Kc3 Be4 57. Kd4 Bb1 58. Bc4 Bg6 59. Bd3 Be8 60. e4 Bc6 61. e5+ fxe5+ 62. fxe5+ Ke7 63. Bc4 Be8 64. Bd5 Bh5 65. Ke4 Bg4 66. Kf4 Bh3 67. g4 Bf1 68. Kf5 Bd3+ 69. Be4 Be2 70. h3 Bf1 71. h4 Bh3 72. Bf3 Kf7 73. e6+ Ke7 74. Ke5 Bf1 75. g5 hxg5 76. hxg5 Bc4 77. Bg4 Bd3 78. Bf5 Bb5 79. g6 Kf8 80. Kf6 Be8 81. g7+ Kg8 82. Bd3 Bd7 83. Bh7+ Kxh7 84. exd7 Kh6 85. g8=Q Kh5 86. Qg5# 1-0


[Site "https://www.chess.com"]

[Event "Titled Tuesday Blitz January 31 Late 2023"]
[White "Schekachikhin, Maksim"]
[Black "Olsson, William"]
[WhiteFideId "24177830"]
[BlackFideId "1741721"]
[WhiteElo "2371"]
[BlackElo "2355"]
[Result "1-0"]
[Round "05"]
[TimeControl "180+2"]
[Date "2023.01.31"]
[WhiteClock "0:00:04"]
[BlackClock "0:00:07"]

1. b3 c5 2. Bb2 Nc6 3. Nf3 d6 4. e3 e5 5. c4 g6 6. d3 Bg7 7. a3 Nge7 8. Qc2 O-O 9. Be2 a6 10. O-O Be6 11. Nbd2 h6 12. Rad1 b5 13. Rfe1 Qb6 14. Ne4 Rfd8 15. Ba1 f5 16. Nc3 Rac8 17. Bf1 Kh7 18. h3 d5 19. cxd5 Nxd5 20. Nxd5 Bxd5 21. e4 fxe4 22. dxe4 Be6 23. Rxd8 Rxd8 24. Rc1 Nd4 25. Bxd4 cxd4 26. b4 Rc8 27. Qb1 Bc4 28. Nd2 Be6 29. Rxc8 Bxc8 30. Qc2 Bb7 31. Bd3 Qc6 32. Qxc6 Bxc6 33. Nb3 Bf8 34. Kf1 Kg7 35. Ke2 Kf6 36. Bc2 g5 37. Nc1 Ke6 38. Bb3+ Kd6 39. f3 Bd7 40. Nd3 Be6 41. Nc5 Bc8 42. Bd5 Kc7 43. Nb3 Kb6 44. Kd3 Bb7 45. Na5 Bxd5 46. exd5 Bd6 47. Ke4 Kc7 48. Nc6 Kd7 49. g3 Bc7 50. h4 gxh4 51. gxh4 Bd6 52. h5 Ke8 53. Na5 Kf7 54. Nb7 Bb8 55. d6 Ke6 56. Nc5+ Kxd6 57. Nxa6 Ba7 58. f4 exf4 59. Kxf4 Kd5 60. Kf3 Kc4 61. Ke2 Kb3 62. Kd3 Kxa3 63. Kc2 Ka4 64. Kd3 Ka3 65. Kc2 Ka2 66. Kd3 Kb3 67. Kd2 Kc4 68. Kc2 d3+ 69. Kd2 Bf2 70. Kd1 Be3 71. Ke1 Kc3 72. Kd1 Bf4 73. Nc5 Kc4 74. Ne6 Be3 75. Nc7 Kxb4 76. Nd5+ Kc4 77. Nxe3+ Kd4 78. Nf5+ Ke5 79. Nxh6 Kf6 80. Ng4+ Kg5 81. h6 Kg6 82. Kd2 b4 83. Kxd3 b3 84. Kc3 b2 85. Kxb2 Kh7 86. Kc3 Kh8 87. Kd4 Kh7 88. Ke5 Kg6 89. Kf4 Kh7 90. Kg5 Kh8 91. Kg6 Kg8 92. Ne5 Kh8 93. Nf7+ Kg8 94. h7+ Kf8 95. h8=Q+ Ke7 1-0


[Site "https://www.chess.com"]

[Event "Titled Tuesday Blitz January 31 Late 2023"]
[White "Gutkin, Ilya"]
[Black "Gurevich, Dmitry"]
[WhiteFideId "16203470"]
[BlackFideId "2000407"]
[WhiteElo "2273"]
[BlackElo "2393"]
[Result "1-0"]
[Round "05"]
[TimeControl "180+2"]
[Date "2023.01.31"]
[WhiteClock "0:00:06"]
[BlackClock "0:00:21"]

1. Nf3 Nf6 2. g3 g6 3. b3 Bg7 4. Bb2 O-O 5. Bg2 c5 6. c4 Nc6 7. O-O b6 8. d4 cxd4 9. Nxd4 Bb7 10. Nc3 Qc8 11. Rc1 Nxd4 12. Qxd4 Ne4 13. Nd5 Bxd4 14. Nxe7+ Kg7 15. Bxd4+ f6 16. Nxc8 Raxc8 17. Rfd1 Bc6 18. Bb2 Rf7 19. Rd4 Nc5 20. Rcd1 a5 21. Rd6 Bxg2 22. Kxg2 Rb8 23. f3 Rb7 24. e4 Ne6 25. R1d5 Nc7 26. Rxf6 Nxd5 27. Rxb6+ Kf8 28. Rxb7 Ne3+ 29. Kh3 Rxf3 30. Rxd7 h5 31. Kh4 Ke8 32. Ra7 Rf2 33. Bd4 Rxh2+ 34. Kg5 Nf1 35. Kf6 Nxg3 36. Ke6 Kd8 37. Be5 Kc8 38. Bxg3 Rg2 39. Bd6 h4 40. Kd5 Kd8 41. Kc6 Ke8 42. Re7+ Kd8 43. Rh7 Ke8 44. Rxh4 Kf7 45. Rh7+ Ke6 46. Re7+ Kf6 47. e5+ Kf5 48. Rf7+ Ke6 49. Re7+ Kf5 50. e6 Re2 51. Kd7 g5 52. Rf7+ Kg6 53. Rf8 1-0


[Site "https://www.chess.com"]

[Event "Titled Tuesday Blitz January 31 Late 2023"]
[White "Ismagilov, Damir"]
[Black "Antonio, Jorge Carlos"]
[WhiteFideId "34199982"]
[BlackFideId "113190"]
[WhiteElo "2156"]
[BlackElo "2277"]
[Result "1-0"]
[Round "05"]
[TimeControl "180+2"]
[Date "2023.01.31"]
[WhiteClock "0:00:30"]
[BlackClock "0:00:10"]

1. g3 d5 2. Bg2 c6 3. b3 e5 4. Bb2 Bd6 5. d4 e4 6. c4 f5 7. Nc3 Nf6 8. e3 Be6 9. cxd5 Nxd5 10. Nge2 Nxc3 11. Nxc3 Nd7 12. O-O Nf6 13. Rc1 O-O 14. h4 Nd5 15. Nxd5 Bxd5 16. Qe2 a6 17. Bc3 Qf6 18. Qd2 h6 19. Bb4 Rad8 20. Bxd6 Qxd6 21. Qc3 g5 22. hxg5 hxg5 23. Qc5 f4 24. Qxd6 Rxd6 25. exf4 gxf4 26. gxf4 Rxf4 27. Rc3 Rg6 28. Rg3 Rfg4 29. Kh2 Rh4+ 30. Bh3 Rxg3 31. Kxg3 Rh6 32. Rg1 Kf7 33. Bg4 Rg6 34. Kf4 Rf6+ 35. Ke3 Ke7 36. Bh5 Rh6 37. Rg5 Bf7 38. Re5+ Kf6 39. Bxf7 Kxf7 40. Rxe4 Rh1 41. Kd3 Ra1 42. Re2 Kf6 43. Kc4 b6 44. Rd2 Rc1+ 45. Kd3 Kf5 46. Ke3 Re1+ 47. Kf3 Rc1 48. d5 cxd5 49. Rxd5+ Ke6 50. Rd2 Rc3+ 51. Kg4 Ke5 52. f4+ Ke6 53. Re2+ Kf6 54. Rd2 Rc6 55. Rh2 Kg6 56. f5+ Kg7 57. Kg5 Rd6 58. f6+ Rxf6 59. Rh7+ Kxh7 60. Kxf6 Kh6 61. Ke6 Kg5 62. Kd6 Kf4 63. Kc6 b5 64. Kb6 Ke4 65. Kxa6 b4 66. Kb5 Kd4 67. Kxb4 Kd5 68. a4 1-0


[Site "https://www.chess.com"]